 Dungeon Crawl Stone Soup version 0.29.1 (webtiles) character file.

Game seed: 2582800279806628020

4092 funnyparkerb the Spear-Bearer (level 10, -5/79 HPs)
             Began as a Merfolk Gladiator on Sept 12, 2022.
             Was a Believer of Okawaru.
             Killed from afar by an acid dragon (24 damage)
             ... with a splash of acid
             ... on level 9 of the Dungeon.
             The game lasted 00:27:03 (9765 turns).

funnyparkerb the Spear-Bearer (Merfolk Gladiator)   Turns: 9765, Time: 00:27:04

Health: -5/79      AC:  8    Str: 16    XL:     10   Next: 26%
Magic:  11/11      EV: 15    Int: 10    God:    Okawaru [**....]
Gold:   68         SH:  0    Dex: 18    Spells: 9/9 levels left

rFire   + . .      SeeInvis +   a - +0 glaive
rCold   . . .      Faith    +   (shield currently unavailable)
rNeg    . . .      Spirit   .   f - +0 ring mail
rPois   .          Reflect  .   c - +0 helmet
rElec   .          Harm     .   G - -1 cloak of Lifelessness {rF+ Will+ Int+2}
rCorr   .          Rampage  .   (no gloves)
Will    +....                   r - +0 pair of boots
Stlth   +.........              t - amulet of faith
HPRegen 0.23/turn               x - ring of see invisible
MPRegen 0.12/turn               (no ring)

@: about to teleport
A: (nimble swimmer 2), mertail
a: Renounce Religion, Heroism


You were on level 9 of the Dungeon.
You worshipped Okawaru.
Okawaru was pleased with you.
You visited 2 branches of the dungeon, and saw 10 of its levels.
You also visited: Sewer and Ossuary.

You collected 482 gold pieces.
You spent 414 gold pieces at shops.

Inventory:

Hand Weapons
 a - a +0 glaive (weapon)
 s - a +0 trident
Missiles
 d - a throwing net (quivered)
 e - a javelin
Armour
 c - a +0 helmet (worn)
 f - a +0 ring mail (worn)
 r - a +0 pair of boots (worn)
 G - the -1 cloak of Lifelessness (worn) {rF+ Will+ Int+2}
   (You bought it in a shop on level 3 of the Dungeon)

   Int:       It affects your intelligence (+2).
   rF:        It protects you from fire.
   Will:      It increases your willpower.
Jewellery
 t - an amulet of faith (around neck)
 x - a ring of see invisible (left hand)
 F - a ring of positive energy
Wands
 y - a wand of roots (2)
 E - a wand of acid (5)
Scrolls
 b - 3 scrolls of identify
 g - 3 scrolls of butterflies
 h - 6 scrolls of noise
 j - 3 scrolls of blinking
 m - a scroll of poison
 n - 3 scrolls of teleportation
 o - a scroll of summoning
 p - a scroll of acquirement
 v - 5 scrolls of enchant weapon
 C - a scroll of brand weapon
 D - 3 scrolls of immolation
Potions
 i - 2 potions of curing
 k - 4 potions of mutation
 l - a potion of berserk rage
 q - 6 potions of flight
 u - 3 potions of brilliance
 w - a potion of lignification
 z - a potion of haste
 A - a potion of heal wounds
 B - a potion of resistance


   Skills:
 - Level 7.1 Fighting
 * Level 12.9 Polearms
 - Level 5.0 Throwing
 - Level 4.0 Armour
 + Level 7.9 Dodging
 - Level 2.0 Invocations


You had 9 spell levels left.
You didn't know any spells.
Your spell library contained the following spells:

 Spells                   Type           Power      Damage    Failure   Level
 Ozocubu's Armour         Ice            0%         N/A       90%         3
 Petrify                  Tmut/Erth      0%         N/A       100%        4
 Freezing Cloud           Conj/Ice/Air   0%         6-21      100%        5
 Metabolic Englaciation   Hex/Ice        0%         N/A       100%        5
 Statue Form              Tmut/Erth      0%         N/A       100%        6
 Ozocubu's Refrigeration  Ice            0%         4d7       100%        7
 Polar Vortex             Ice            0%         N/A       100%        9
 Summon Small Mammal      Summ           Unusable   N/A       N/A         1
 Call Canine Familiar     Summ           Unusable   N/A       N/A         3
 Summon Guardian Golem    Hex/Summ       Unusable   N/A       N/A         3
 Simulacrum               Ice/Necr       Unusable   N/A       N/A         6

Dungeon Overview and Level Annotations

Branches:
Dungeon (9/15)             Temple (1/1) D:6           Sewer (visited)
Ossuary (visited)
   Lair: D:8-11         Orc: D:9-12

Altars:
Ashenzari
Cheibriados
Dithmenos
Gozag
Hepliaklqana
Kikubaaqudgha
Makhleb
Nemelex Xobeh
Okawaru
Qazlal
Ru
Sif Muna
Vehumet
Xom
Yredelemnul
Zin

Shops:
D:3 :[(*   D:6 [   D:8 **

Annotations:
D:8 Psyche


Innate Abilities, Weirdness & Mutations

((You are very nimble when in or above water. (Stealth+, EV+, Speed+++)))
Your lower body shifts to a powerful aquatic tail in water.


Message History

You feel like a meek peon again.
You hit the yak but do no damage.
The yak is heavily wounded.
The yak completely misses you. The yak misses you. The yak gores you!
The yak misses you.
You slash the yak!
The yak is severely wounded.
The yak gores you. x2
You gain the combat prowess of a mighty hero.
The yak gores you!
* * * LOW HITPOINT WARNING * * *
The yak misses you.
You feel much better. The yak gores you. The yak gores you!
You barely miss the yak.
The yak is severely wounded.
The yak misses you. The yak gores you but does no damage.
You hit the yak.
The yak is almost dead.
You hit the yak but do no damage.
The yak is almost dead.
The yak closely misses you. x2
You barely miss the yak.
The yak is almost dead.
The yak gores you. The yak gores you!
* * * LOW HITPOINT WARNING * * *
You hit the yak but do no damage.
The yak is almost dead.
The yak misses you. The yak gores you.
* * * LOW HITPOINT WARNING * * *
Blink to where?
Press: ? - help, Dir - move target
Found three items.
As you read the scroll of blinking, it crumbles to dust.
You feel like a meek peon again.
The acid dragon roars!
As you read the scroll of teleportation, it crumbles to dust.
You feel strangely unstable. The acid dragon spits acid at you.
The splash of acid hits you!!
You die...

...............
................
....D............
...#....#......... ..##
.................
....##.....##.......##
##...#.....##........##
......................##
.?.="....#....#.@......#
...........Y...........#
..................######
...........4.Y.....#
.......#...#........#
.......#...........##
...Y..............##
..................#
.........#........#


You could see 2 yaks, a chaos spawn and an acid dragon (catching breath).

Vanquished Creatures
  Prince Ribbit (D:7)
  6 yaks
  A water moccasin (D:6)
  A sky beast (D:5)
  A black bear (D:6)
  3 ice beasts
  An orc warrior (D:9)
  4 centaurs
  An ogre (D:7)
  2 phantoms (D:5)
  2 elf zombies (Ossuary)
  3 necrophages
  A scorpion (D:7)
  3 bullfrogs
  3 wights
  9 killer bees (D:8)
  An electric eel (D:6)
  A human zombie (Ossuary)
  2 hounds
  A jelly (D:6)
  3 orc priests
  An orc wizard (D:6)
  A hound zombie (Ossuary)
  4 mummies (Ossuary)
  8 gnolls
  13 adders
  5 river rats (Sewer)
  An ufetubus (D:4)
  An adder zombie (Ossuary)
  2 worms
  A dart slug (D:1)
  14 orcs
  15 ball pythons
  20 bats
  9 endoplasms
  5 giant cockroaches
  2 gnoll zombies (Ossuary)
  9 goblins
  7 hobgoblins
  11 jackals
  7 kobolds
  7 quokkas
  2 frilled lizards (Sewer)
  3 goblin zombies
  A hobgoblin zombie (Ossuary)
  2 kobold zombies (Ossuary)
  7 rats
  A rat zombie (Ossuary)
209 creatures vanquished.

Vanquished Creatures (others)
  10 plants
10 creatures vanquished.

Grand Total: 219 creatures vanquished

Notes
Turn   | Place    | Note
-------+----------+-------------------------------------------
     0 | D:1      | funnyparkerb the Merfolk Gladiator began the quest for the
                  | Orb.
     0 | D:1      | Reached XP level 1. HP: 16/16 MP: 1/1
   149 | D:1      | Reached XP level 2. HP: 22/22 MP: 2/2
   165 | D:1      | Reached skill level 5 in Polearms
   307 | D:1      | Reached XP level 3. HP: 25/27 MP: 3/3
   682 | D:1      | Reached skill level 6 in Polearms
  1108 | D:2      | Reached XP level 4. HP: 33/33 MP: 4/4
  1826 | D:2      | Found a faded altar of an unknown god.
  1870 | D:3      | Found a broken altar of Ashenzari.
  1879 | D:3      | Found the +9 sword of Zonguldrok {reap}
  1892 | D:3      | Found a glowing drain.
  1915 | Sewer    | Entered a sewer
  1925 | Sewer    | Reached skill level 7 in Polearms
  2040 | Sewer    | Reached XP level 5. HP: 38/38 MP: 5/5
  2633 | D:3      | Reached skill level 1 in Armour
  2887 | D:3      | Found Effiuroh's Book Emporium.
  2900 | D:3      | Reached XP level 6. HP: 47/47 MP: 6/6
  3304 | D:3      | Found Unuem's Antique Armour Shoppe.
  3350 | D:3      | Found Faczinewn's Weapon Emporium.
  3369 | D:3      | Bought a throwing net for 36 gold pieces
  3482 | D:3      | Found Govvuhoh's General Store.
  3490 | D:3      | Bought a potion of berserk rage for 50 gold pieces
  3490 | D:3      | Bought a potion of lignification for 30 gold pieces
  3490 | D:3      | Bought a potion of mutation for 80 gold pieces
  3759 | D:3      | Reached skill level 8 in Polearms
  3759 | D:3      | HP: 1/70 [orc/+0 flail (7)]
  4583 | D:5      | Entered Level 5 of the Dungeon
  4717 | D:5      | Reached XP level 7. HP: 51/54 MP: 7/7
  4854 | D:5      | Reached skill level 9 in Polearms
  4887 | D:5      | Reached skill level 5 in Fighting
  4917 | D:5      | Found a sand-covered staircase.
  4936 | Ossuary  | Entered an ossuary
  4949 | Ossuary  | Reached XP level 8. HP: 32/62 MP: 8/8
  5501 | D:5      | Reached skill level 10 in Polearms
  6279 | D:6      | Found Dojaev's Antique Armour Shoppe.
  6565 | D:6      | HP: 1/63 [electric eel/bolt of electricity (13)]
  7130 | D:6      | Reached skill level 5 in Dodging
  7216 | D:6      | Reached XP level 9. HP: 61/69 MP: 9/9
  7489 | D:6      | Found a staircase to the Ecumenical Temple.
  7505 | Temple   | Entered the Ecumenical Temple
  7537 | Temple   | Became a worshipper of Warmaster Okawaru
  7962 | D:6      | Identified a scroll of acquirement
  8717 | D:7      | Reached skill level 11 in Polearms
  8810 | D:7      | Noticed Prince Ribbit
  8813 | D:7      | Killed Prince Ribbit
  8920 | D:7      | Reached * piety under Okawaru
  9049 | D:3      | Bought a translucent cloak for 218 gold pieces
  9049 | D:3      | Identified the -1 cloak of Lifelessness {rF+ Will+ Int+2}
                  | (You bought it in a shop on level 3 of the Dungeon)
  9184 | D:7      | Noticed a hornet
  9247 | D:8      | Found Niveorun's Overcharged Wands.
  9258 | D:8      | Found a sacrificial altar of Ru.
  9490 | D:8      | Reached skill level 1 in Invocations
  9556 | D:8      | Found Ecujej's General Store.
  9577 | D:8      | Reached skill level 5 in Throwing
  9578 | D:8      | Reached skill level 12 in Polearms
  9578 | D:8      | Reached XP level 10. HP: 57/79 MP: 7/11
  9578 | D:8      | Reached ** piety under Okawaru
  9598 | D:8      | Noticed Psyche
  9765 | D:9      | Killed from afar by an acid dragon

Illustrated notes

Levels and vault maps discovered:
D:1:      eino_arrival_cavern_d, layout_loops_ring
D:2:      layout_loops_ring, dilly_ecumenical_altar_fadedgnrine
D:3:      layout_basic, mainiacjoe_overflow_alcove_4,
          cheibrodos_sewer_entry_drain, serial_shops, nicolae_lakefront_shop,
          nicolae_shop_overgrown_old_shop, nicolae_shop_advertising_works
          [nicolae_subvault_shop_adworks], shop
D:4:      layout_rooms
D:5:      layout_basic, enter_ossuary_4
D:6:      layout_loops_ring, minmay_temple_entry_gardened_gates, serial_shops,
          shop_coins, hangedman_decor_peaks_small,
          ebering_dispersal_statue_hall, kennysheep_donut, chequers_avenue,
          chequers_big_river, glass_columns_b
D:7:      nicolae_cairo_tiling_large_dashed, layout_basic,
          minmay_unpleasant_kobolds, uniq_prince_ribbit1
D:8:      layout_rooms, amcnicky_altar_gilded, nicolae_ru_sacrificial_ziggurat,
          serial_shops, nicolae_shop_hallway_plus,
          nicolae_shop_overcharged_wands, uniq_psyche
D:9:      layout_cave_pools, skrybe_limestone_x,
          minmay_guarded_unrand_variability
Temple:   nicolae_temple_ecumenical_triangle

Skill      XL: |  1  2  3  4  5  6  7  8  9 10 |
---------------+-------------------------------+-----
Polearms       | 5 6 7 8 9 10 12 | 12.9
Armour         | 1 2 3 4 |  4.0
Fighting       | 3 4 5 7 |  7.1
Throwing       | 3 5 |  5.0
Dodging        | 5 7 |  7.9
Invocations    | 1 2 |  2.0

Action                   |  1- 3 |  4- 6 |  7- 9 | 10-12 || total
-------------------------+-------+-------+-------+-------++-------
Melee: Trident           |   105 |   195 |       |       ||   300
       Glaive            |       |   108 |   242 |    41 ||   391
       Tailslap          |       |     7 |       |       ||     7
Throw: Throwing net      |       |       |     5 |       ||     5
Invok: Heroism           |       |       |     2 |     4 ||     6
Evoke: Wand              |       |       |    10 |     7 ||    17
  Use: Potion            |       |     1 |     3 |     2 ||     6
       Scroll            |       |       |    15 |     3 ||    18
 Stab: Sleeping          |       |     2 |       |       ||     2
       Held in net/web   |       |       |     2 |       ||     2
Armor: Leather armour    |     2 |       |       |       ||     2
       Ring mail         |    15 |    97 |    95 |     5 ||   212
Dodge: Dodged            |    52 |   187 |   164 |    43 ||   446
